 Dungeon Crawl Stone Soup version 0.29.1-12-g30fa7ad0bf (webtiles) character file.

Game seed: 3199962622277983331

1164 warriortoast the Fighter (level 8, 0/74 HPs)
             Began as a Minotaur Fighter on Dec 12, 2022.
             Shot with an arrow by a centaur (4 damage)
             ... on level 6 of the Dungeon.
             The game lasted 00:08:09 (5034 turns).

warriortoast the Fighter (Minotaur Fighter)         Turns: 5034, Time: 00:08:10

Health: 0/74       AC:  3    Str: 24    XL:     8   Next: 17%
Magic:  7/7        EV:  9    Int:  5    God:
Gold:   1090       SH:  4    Dex:  9    Spells: 7/7 levels left

rFire   . . .      SeeInvis .   a - +0 war axe
rCold   . . .      Faith    .   c - +0 buckler
rNeg    . . .      Spirit   .   b - +1 scale mail
rPois   +          Reflect  .   (helmet restricted)
rElec   .          Harm     .   (no cloak)
rCorr   .          Rampage  .   (no gloves)
Will    +....                   (no boots)
Stlth   ..........              (no amulet)
HPRegen 0.22/turn               G - ring of poison resistance
MPRegen 0.10/turn               f - ring of willpower

@: corroded
A: horns 2, retaliatory headbutt
a: no special abilities


You were on level 6 of the Dungeon.
You visited 1 branch of the dungeon, and saw 6 of its levels.

You collected 1312 gold pieces.
You spent 222 gold pieces at shops.

Inventory:

Hand Weapons
 a - a +0 war axe (weapon)
Missiles
 i - 4 atropa-tipped darts (quivered)
 s - 5 javelins
 D - 5 poisoned darts
Armour
 b - a +1 scale mail (worn)
 c - a +0 buckler (worn)
Jewellery
 f - a ring of willpower (right hand)
 j - a +6 ring of dexterity
 v - a ring of wizardry
 C - the amulet of Elemental Vulnerability {rPois rF-- rC-- AC+8}
   (You took it off Sigmund on level 5 of the Dungeon)

   [amulet of nothing]

   AC:        It affects your AC (+8).
   rF:        It makes you very vulnerable to fire.
   rC:        It makes you very vulnerable to cold.
   rPois:     It protects you from poison.
 G - a ring of poison resistance (left hand)
Wands
 B - a wand of iceblast (8)
Scrolls
 e - 9 scrolls of identify
 g - 2 scrolls of butterflies
 o - a scroll of magic mapping
 p - 2 scrolls of poison {unknown}
 q - 3 scrolls of teleportation {unknown}
 w - a scroll of noise {unknown}
 y - a scroll of torment {unknown}
 z - a scroll of vulnerability {unknown}
 E - a scroll of enchant weapon {unknown}
 H - a scroll of amnesia {unknown}
Potions
 d - 2 potions of might
 l - 3 potions of haste
 r - 2 potions of lignification
 t - 2 potions of mutation
 u - a potion of magic
 x - a potion of cancellation
 A - 3 potions of berserk rage
 F - a potion of flight
 I - a potion of curing


   Skills:
 + Level 8.0 Fighting
 + Level 7.4 Axes
 + Level 4.7 Throwing
 - Level 3.6 Armour
 - Level 3.6 Shields


You had 7 spell levels left.
You didn't know any spells.
Your spell library contained the following spells:

 Spells                   Type           Power      Damage    Failure   Level
 Foxfire                  Conj/Fire      0%         2x1d4     86%         1
 Necrotise                Necr           0%         1d4       86%         1
 Sandblast                Erth           0%         2d4       86%         1
 Slow                     Hex            0%         N/A       86%         1
 Passwall                 Tmut/Erth      0%         N/A       95%         2
 Poisonous Vapours        Pois/Air       0%         N/A       95%         2
 Confusing Touch          Hex            0%         N/A       99%         3
 Conjure Flame            Conj/Fire      0%         6-21      99%         3
 Dazzling Flash           Conj/Hex       0%         N/A       99%         3
 Inner Flame              Hex/Fire       0%         N/A       99%         3
 Stone Arrow              Conj/Erth      0%         3d7       99%         3
 Summon Guardian Golem    Hex/Summ       0%         N/A       99%         3
 Vampiric Draining        Necr           0%         2d6       99%         3
 Corpse Rot               Necr/Pois/Air  0%         N/A       100%        4
 Flame Wave               Conj/Fire      0%         2d4       100%        4
 Iskenderun's Mystic Bla  Conj/Tloc      0%         2d3       100%        4
 Agony                    Necr           0%         N/A       100%        5
 Starburst                Conj/Fire      0%         6d3       100%        6
 Orb of Destruction       Conj           0%         9d5       100%        7
 Spellforged Servitor     Conj/Summ      0%         N/A       100%        7


Dungeon Overview and Level Annotations

Branches:
Dungeon (6/15)             Temple (0/1) D:6

Altars:
Ashenzari
Nemelex Xobeh
Trog
Xom

Shops:
D:5 *

Annotations:
D:5 1 runed translucent door, sigtrap's ghost, novice GnBe
D:6 Edmund


Innate Abilities, Weirdness & Mutations

You have a pair of horns on your head.
You reflexively headbutt those who attack you in melee.


Message History

Edmund hits you with a +0 flail of protection.
The jelly moves out of view.
You closely miss Edmund.
Edmund hits you with a +0 flail of protection.
You hit Edmund but do no damage.
Edmund hits you with a +0 flail of protection!
You hit Edmund but do no damage. You headbutt Edmund!
Edmund is lightly wounded.
A centaur comes into view.
You block Edmund's attack.
You hit Edmund.
Edmund is moderately wounded.
The centaur wields a +4 shortbow of flaming.
It bursts into flame!
The centaur shoots an arrow.
You block the arrow.
Edmund zaps a wand.
The bolt of light misses you.
You hit Edmund.
Edmund is moderately wounded.
You slash the jelly!
Your hands burn!
Edmund zaps a wand.
The bolt of light misses you. The jelly closely misses you.
You furiously retaliate!
You headbutt the jelly. You barely miss the jelly.
The jelly is severely wounded.
You closely miss Edmund.
The centaur shoots an arrow.
You block the arrow. The jelly hits you but does no damage.
Edmund hits you with a +0 flail of protection.
The centaur shoots an arrow.
The arrow hits you! The arrow burns you.
Edmund hits you with a +0 flail of protection.
The jelly hits you. The acid corrodes you!
You are splashed with acid!
Aiming: Iceblast
Press: ? - help, Shift-Dir - straight line
Okay, then.
The centaur shoots an arrow.
The arrow hits you!
* * * LOW HITPOINT WARNING * * *
The arrow burns you.
* * * LOW HITPOINT WARNING * * *
You see here a water moccasin corpse.
The centaur shoots an arrow.
The arrow hits you!
* * * LOW HITPOINT WARNING * * *
The arrow burns you.
You die...

*,,,,,,*,,...,,,,,*,**,,,
********,,...,,,,,,,,,,,,
*,,..,,,,,,,,**,,,
***.#**,,.,,,,,,,*
##########.#**..#,,,***,*
#..........##....,*,***,,
#........J@......,,,,,,,*
#........†?.c..##,,**,,**
#.......@##......,,**,,,,
#........#*......,,*,,,,,
#........#*,.....,,,,,,,,
#........#*,.....,,,,,,,,
#........#*,,....,,,,,,,,
######..###......,,,,,,,,
###......#******,,,,,,
******######...#.####
****,,,,,,
,,,,,,.......<##.#
***,,,,,,,,,


You could see Edmund, a centaur and a jelly.

Vanquished Creatures
  Sigmund (D:5)
  2 water moccasins
  A black bear (D:4)
  A centaur (D:5)
  3 phantoms
  An ogre (D:5)
  A necrophage (D:4)
  A hound (D:3)
  2 iguanas (D:5)
  An orc wizard (D:5)
  2 adders
  3 worms
  3 dart slugs (D:2)
  16 orcs
  7 ball pythons
  12 endoplasms
  A giant cockroach (D:3)
  6 goblins
  5 hobgoblins
  4 jackals
  5 kobolds
  A quokka (D:3)
  7 bats
  5 frilled lizards
  2 rats
93 creatures vanquished.

Notes
Turn   | Place    | Note
-------+----------+-------------------------------------------
     0 | D:1      | warriortoast the Minotaur Fighter began the quest for the
                  | Orb.
     0 | D:1      | Reached XP level 1. HP: 19/19 MP: 0/0
   193 | D:1      | Reached skill level 4 in Fighting
   193 | D:1      | Reached XP level 2. HP: 27/27 MP: 1/1
  1133 | D:2      | Reached XP level 3. HP: 25/34 MP: 2/2
  1707 | D:3      | Found a sparkling altar of Nemelex Xobeh.
  1713 | D:3      | Reached skill level 5 in Fighting
  1713 | D:3      | Reached XP level 4. HP: 42/42 MP: 3/3
  1713 | D:3      | Found a broken altar of Ashenzari.
  2524 | D:3      | Found a shimmering altar of Xom.
  2910 | D:4      | Found a bloodstained altar of Trog.
  3021 | D:4      | Noticed a black bear
  3028 | D:4      | Killed a black bear
  3029 | D:4      | Reached skill level 1 in Throwing
  3029 | D:4      | Reached XP level 5. HP: 38/50 MP: 4/4
  3140 | D:4      | Reached skill level 5 in Axes
  3294 | D:4      | Noticed a phantom
  3307 | D:4      | Killed a phantom
  3308 | D:4      | Reached skill level 6 in Fighting
  3308 | D:4      | Reached XP level 6. HP: 48/57 MP: 5/5
  3780 | D:5      | Entered Level 5 of the Dungeon
  3811 | D:5      | Noticed a water moccasin
  3821 | D:5      | Killed a water moccasin
  4096 | D:5      | Noticed Sigmund
  4115 | D:4      | Reached XP level 7. HP: 53/64 MP: 6/6
  4301 | D:5      | Reached skill level 7 in Fighting
  4315 | D:5      | Killed Sigmund
  4568 | D:5      | Found Railoh's Assorted Antiques.
  4573 | D:5      | Bought a metallic cyan potion for 17 gold pieces
  4573 | D:5      | Bought a scroll labelled NOVYALE GUTHRAH for 19 gold pieces
  4573 | D:5      | Bought a scroll labelled NOVYALE GUTHRAH for 19 gold pieces
  4573 | D:5      | Bought a golden potion for 17 gold pieces
  4573 | D:5      | Bought a scroll labelled SEVOCU JIPOIN for 19 gold pieces
  4573 | D:5      | Bought a fuming inky potion for 17 gold pieces
  4573 | D:5      | Bought an agate ring for 95 gold pieces
  4573 | D:5      | Bought a scroll labelled HISHIA NAPHUS for 19 gold pieces
  4715 | D:5      | Reached XP level 8. HP: 74/74 MP: 7/7
  4964 | D:5      | Found a runed translucent door.
  4964 | D:5      | Noticed sigtrap's ghost (novice GnBe)
  5006 | D:6      | Identified a scroll of acquirement
  5006 | D:6      | Acquired 970 gold pieces
  5020 | D:6      | Noticed Edmund
  5023 | D:6      | Reached skill level 8 in Fighting
  5034 | D:6      | Shot with an arrow by a centaur

Illustrated notes

Levels and vault maps discovered:
D:1:      spicycebolla_arrival_ecumenical, layout_basic, st_stairs_2,
          wander_ebering_terrifying_dragon_lair
D:2:      layout_basic, kennysheep_generic_room_8
D:3:      layout_loops_corners, lemuel_tele_altar, jmf_multi_god_temple,
          dreamdust_mushroom_princess
D:4:      layout_loops_cross, mainiacjoe_overflow_brackets
D:5:      layout_rooms, gammafunk_ghost_grave, serial_shops,
          nicolae_shop_behind_doors, uniq_sigmund
D:6:      layout_rooms, minmay_temple_entry_gardened_gates, enter_ossuary_2,
          roderic_lattice_a, uniq_edmund

Skill      XL: |  1  2  3  4  5  6  7  8 |
---------------+-------------------------+-----
Fighting       | 4 5 6 7 8 |  8.0
Axes           | 3 4 5 6 7 |  7.4
Throwing       | 1 2 3 4 |  4.7
Armour         | |  3.6
Shields        | |  3.6

Action                   |  1- 3 |  4- 6 |  7- 9 || total
-------------------------+-------+-------+-------++-------
Melee: War axe           |    65 |    97 |    67 ||   229
       Headbutt          |     6 |    13 |    11 ||    30
Throw: Dart              |     2 |    13 |       ||    15
  Use: Scroll            |       |       |    14 ||    14
Armor: Scale mail        |    29 |    33 |    24 ||    86
Dodge: Dodged            |    35 |    31 |    26 ||    92
Block: Buckler           |    13 |    18 |    12 ||    43
